 Dungeon Crawl Stone Soup version 0.26-a0-664-gc8b27b8fc1 (webtiles) character file.

Game seed: 11786993530933355231

709 Radels the Changer (level 7, -3/64 HPs)
             Began as a Merfolk Transmuter on Oct 13, 2020.
             Was an Initiate of Wu Jian.
             Slain by a two-headed ogre
             ... wielding a +0 giant club
              (14 damage)
             ... on level 5 of the Dungeon.
             The game lasted 00:19:02 (8087 turns).

Radels the Changer (Merfolk Transmuter)             Turns: 8087, Time: 00:19:03

Health: -3/64      AC:  6    Str: 11    XL:     7   Next: 68%
Magic:  6/10       EV: 13    Int: 14    God:    Wu Jian [......]
Gold:   165        SH:  0    Dex: 14    Spells: 3/10 levels left

rFire    x . .     SeeInvis .     - Unarmed
rCold    + + +     Faith    .   (shield currently unavailable)
rNeg     . . .     Spirit   .   (armour currently unavailable)
rPois    +         Reflect  .   (helmet currently unavailable)
rElec    .         Harm     .   (cloak currently unavailable)
rCorr    .         Rampage  .   (gloves currently unavailable)
MR       .....                  (boots currently unavailable)
Stlth    +.........             (no amulet)
HPRegen  0.20/turn              (no ring)
MPRegen  0.12/turn              (no ring)

@: ice-form
A: large, (change form in water), (swift swim), (stealthy swim)
a: End Transformation, Renounce Religion


You were on level 5 of the Dungeon.
You worshipped Wu Jian.
Wu Jian was noncommittal.
You were a creature of crystalline ice.
You visited 2 branches of the dungeon, and saw 6 of its levels.

You collected 165 gold pieces.

Inventory:

Missiles
 g - 7 atropa-tipped darts (quivered)
 x - 6 poisoned darts
Armour
 a - a +0 robe (melded)
 c - a +0 pair of gloves
 t - a +0 pair of boots
 y - a +1 pair of gloves (melded)
Jewellery
 j - an uncursed ring of wizardry {unknown}
 u - a cursed ring of teleportation {unknown}
Scrolls
 b - 8 scrolls of identify {unknown}
 f - a scroll of magic mapping {unknown}
 h - 6 scrolls of remove curse
 i - a scroll of enchant armour {unknown}
 k - 2 scrolls of random uselessness {unknown}
 m - 2 scrolls of teleportation
 r - a scroll of immolation {unknown}
 w - a scroll of amnesia {unknown}
 A - a scroll of enchant weapon {unknown}
Potions
 d - a potion of degeneration {unknown}
 e - 2 potions of brilliance {unknown}
 l - a potion of haste {unknown}
 n - 3 potions of ambrosia {unknown}
 o - 2 potions of heal wounds {unknown}
 p - 2 potions of might {unknown}
 q - 2 potions of flight {unknown}
 s - 2 potions of curing {unknown}
 v - a potion of magic {unknown}
 z - 2 potions of cancellation {unknown}
 B - a potion of lignification {unknown}


   Skills:
 - Level 4.0 Fighting
 - Level 6.0 Dodging
 - Level 4.0 Unarmed Combat
 - Level 2.0 Spellcasting
 + Level 6.8 Transmutations
 - Level 3.0 Ice Magic


You had 3 spell levels left.
You knew the following spells:

 Your Spells              Type           Power        Failure   Level
a - Beastly Appendage     Tmut           ###...       1%          1
b - Wereblood             Tmut           ###.....     2%          2
c - Ice Form              Ice/Tmut       ###.....     30%         4

Your spell library contained the following spells:

 Spells                   Type           Power        Failure   Level
 Spider Form              Tmut/Pois      ##........   17%         3
 Blade Hands              Tmut           ###.......   36%         5


Dungeon Overview and Level Annotations

Branches:
Dungeon (5/15)             Temple (1/1) D:4

Altars:
Ashenzari
Cheibriados
Dithmenos
Elyvilon
Gozag
Hepliaklqana
Kikubaaqudgha
Makhleb
Nemelex Xobeh
Okawaru
Qazlal
Ru
Sif Muna
Trog
Uskayaw
Vehumet
Wu Jian
Xom
Yredelemnul
Zin
The Shining One

Shops:
D:4 }


Message History

The two-headed ogre shouts in stereo!
Casting: Beastly Appendage (safe; 1% risk of failure)
Confirm with . or Enter, or press ? or * to list all spells.
The spell is quite dangerous to cast (30% risk of failure)!
Continue anyway?
You turn into a creature of crystalline ice.
Your +1 pair of gloves melds into your body.
Your +0 robe melds into your body.
You lunge at the two-headed ogre.
You barely miss the two-headed ogre.
A worker ant comes into view.
The two-headed ogre hits you with a +0 giant club!
The two-headed ogre barely misses you.
You punch the two-headed ogre! You freeze the two-headed ogre.
The two-headed ogre is moderately wounded.
The two-headed ogre hits you with a +0 giant club!!
The two-headed ogre hits you with a +0 giant club!
* * * LOW HITPOINT WARNING * * *
You completely miss the two-headed ogre.
The two-headed ogre is moderately wounded.
The two-headed ogre hits you with a +0 giant club!
You die...

#.# #########.#
#.........#
#.#######.# #.#
#.# #
######.#######.#.#
#.................
#.####.#####.###.#
#Y# #.# #.# ## #O#
#.# #.# #.# #..
..# #B# ### #.#
#.# #.# #.#
#.##### #.# ......
#.# .....# ..)...


You could see a two-headed ogre and a worker ant.

Vanquished Creatures
  Edmund (D:4)
  An ogre (D:4)
  A bullfrog (D:4)
  2 hounds (D:4)
  An orc priest (D:4)
  A gnoll shaman (D:4)
  Terence (D:3)
  2 orc wizards (D:4)
  7 gnolls
  8 adders
  5 worms
  A dart slug (D:1)
  4 leopard geckos
  2 orcs (D:4)
  7 bats
  4 giant cockroaches
  9 goblins
  3 hobgoblins
  13 jackals
  3 quokkas
  2 ball pythons
  9 frilled lizards
  8 kobolds
  6 rats
101 creatures vanquished.

Notes
Turn   | Place    | Note
-------+----------+-------------------------------------------
     0 | D:1      | Radels the Merfolk Transmuter began the quest for the Orb.
     0 | D:1      | Reached XP level 1. HP: 15/15 MP: 3/3
   524 | D:1      | Reached XP level 2. HP: 15/21 MP: 3/5
  1291 | D:1      | Reached XP level 3. HP: 22/27 MP: 6/6
  1989 | D:2      | Reached XP level 4. HP: 22/34 MP: 7/7
  1995 | D:2      | Learned a level 2 spell: Wereblood
  2000 | D:2      | Learned a level 4 spell: Ice Form
  2882 | D:2      | Reached skill level 1 in Ice Magic
  3529 | D:3      | Reached XP level 5. HP: 31/40 MP: 6/8
  4744 | D:3      | Noticed Terence
  4847 | D:3      | Killed Terence
  5204 | D:3      | Found a sparkling altar of Nemelex Xobeh.
  5587 | D:4      | Noticed Edmund
  6121 | D:4      | Reached skill level 5 in Transmutations
  6121 | D:4      | Reached XP level 6. HP: 24/47 MP: 7/9
  6271 | D:4      | Found a shimmering blue altar of Sif Muna.
  6456 | D:4      | Killed Edmund
  6456 | D:4      | Reached XP level 7. HP: 22/54 MP: 1/10
  6764 | D:4      | Reached skill level 5 in Dodging
  7333 | D:4      | Found Yluaredd's Gadget Emporium.
  7364 | D:4      | Found a staircase to the Ecumenical Temple.
  7392 | Temple   | Entered the Ecumenical Temple
  7487 | Temple   | Became a worshipper of the Wu Jian Council
  8059 | D:5      | Entered Level 5 of the Dungeon
  8082 | D:5      | Noticed a two-headed ogre
  8087 | D:5      | Slain by a two-headed ogre

Illustrated notes

Levels and vault maps discovered:
D:1:      dpeg_arrival_houses_and_road, layout_basic
D:2:      layout_basic
D:3:      layout_loops_ring, small_statue_intersection,
          nemelex_diamond_rough_becter, uniq_terence
D:4:      layout_loops_ring, minmay_temple_entry_slanted, serial_shops,
          nicolae_shop_temple_entry_statues_fountains, minivault_19,
          dk_noncrumbling_3, tgw_sif, uniq_edmund
D:5:      layout_loops_corners, fedhas_ov_isle_minmay,
          gup_ossuary_entry_pyramid, uniq_ijyb
Temple:   compressed_dpeg_circular_temple

Skill      XL: |  1  2  3  4  5  6  7 |
---------------+----------------------+-----
Dodging        | 3 4 6 |  6.0
Transmutations | 3 4 5 6 |  6.8
Fighting       | 2 3 4 |  4.0
Unarmed Combat | 4 |  4.0
Ice Magic      | 1 2 3 |  3.0
Spellcasting   | |  2.0

Action                   |  1- 3 |  4- 6 |  7- 9 || total
-------------------------+-------+-------+-------++-------
Melee: Unarmed           |   114 |   221 |    90 ||   425
       Headbutt          |    12 |    32 |     2 ||    46
       Punch             |     2 |     3 |     1 ||     6
       Tailslap          |       |     1 |       ||     1
Throw: Dart              |       |     1 |       ||     1
 Cast: Beastly Appendage |    17 |    29 |     5 ||    51
       Wereblood         |       |     1 |       ||     1
       Ice Form          |       |     1 |     4 ||     5
Invok: Lunge             |       |       |     3 ||     3
  Use: Scroll            |       |       |     2 ||     2
 Stab: Invisible         |       |     2 |       ||     2
       Sleeping          |       |     2 |       ||     2
Armor: Robe              |    33 |    17 |     7 ||    57
       Skin              |       |     1 |     4 ||     5
Dodge: Dodged            |   103 |   133 |    77 ||   313

Table legend: (Time is in decaauts)
 A = Elapsed time spent in this place.
 B = Non-inter-level travel time spent in this place.
 C = Inter-level travel time spent in this place.
 D = Time resting spent in this place.
 E = Time spent auto-exploring this place.
 F = Levels seen in this place.
 G = Mean time per level.
                   A        B        C        D        E       F      G
               +--------+--------+--------+--------+--------+-----+--------+
         Total |   8056 |   7850 |    206 |   2333 |   4075 |   6 | 1342.7 |
       Dungeon |   7926 |   7720 |    206 |   2333 |   4075 |   5 | 1585.2 |
        Temple |    129 |    129 |      0 |      0 |      0 |   1 |  129.0 |
               +--------+--------+--------+--------+--------+-----+--------+

Top non-repeatable levels by time:
     D:2: 2213 daAuts
     D:4: 1986 daAuts
     D:3: 1872 daAuts
     D:1: 1826 daAuts
  Temple: 129 daAuts
     D:5: 27 daAuts
